 Dungeon Crawl Stone Soup version 0.30-a0-364-gf6b3ef1049 (webtiles) character file.

Game seed: 250608696838545971

86 Devinter the Shield-Bearer (level 4, -2/45 HPs)
             Began as a Vampire Wanderer on Nov 16, 2022.
             Slain by Terence
             ... wielding a +0 flail
              (8 damage)
             ... on level 2 of the Dungeon.
             The game lasted 00:12:03 (1390 turns).

Devinter the Shield-Bearer (Vampire Wanderer)       Turns: 1390, Time: 00:12:04

Health: -2/45      AC:  3    Str: 10    XL:     4   Next: 27%
Magic:  2/5        EV: 10    Int: 13    God:
Gold:   119        SH:  5    Dex: 17    Spells: 3/5 levels left

rFire   . . .      SeeInvis +    a - +2 dagger
rCold   . . .      Faith    .    c - +0 buckler
rNeg    . . .      Spirit   .    e - +0 robe
rPois   .          Reflect  .    o - +0 helmet
rElec   .          Harm     .    (no cloak)
rCorr   .          Rampage  .    (no gloves)
Will    .....                    (no boots)
Stlth   ..........               (no amulet)
HPRegen 0.47/turn                (no ring)
MPRegen 0.09/turn                (no ring)

@: berserking, healing quickly, very quick
A: alive, fangs 3, see invisible, vampiric 2
a: Exsanguinate


You were on level 2 of the Dungeon.
You visited 1 branch of the dungeon, and saw 2 of its levels.

You collected 119 gold pieces.

Inventory:

Hand Weapons
 a - a +2 dagger (weapon)
Missiles
 b - 2 curare-tipped darts (quivered)
Armour
 c - a +0 buckler (worn)
 e - a +0 robe (worn)
 o - a +0 helmet (worn)
Scrolls
 d - a scroll of silence
 h - 3 scrolls of identify {unknown}
 k - 3 scrolls of teleportation {unknown}
 l - a scroll of immolation {unknown}
 n - a scroll of poison {unknown}
Potions
 f - a potion of flight {unknown}
 g - a potion of attraction {unknown}
 j - a potion of curing {unknown}
 m - a potion of cancellation {unknown}


   Skills:
 - Level 3.0 Throwing
 + Level 3.2 Stealth
 + Level 4.1 Shields
 - Level 1.0 Spellcasting
 + Level 0.6 Conjurations
 - Level 1.0 Air Magic
 - Level 1.0 Poison Magic
 - Level 1.0 Evocations


You had 3 spell levels left.
You knew the following spells:

 Your Spells              Type           Power      Damage    Failure   Level
a - Poisonous Vapours     Pois/Air       6%         N/A       34%         2

Your spell library contained the following spells:

 Spells                   Type           Power      Damage    Failure   Level
 Cigotuvi's Dreadful Rot  Necr/Pois/Air  4%         N/A       38%         2
 Mephitic Cloud           Conj/Pois/Air  2%         N/A       58%         3


Dungeon Overview and Level Annotations

Branches:
Dungeon (2/15)

Altars:

Annotations:
D:2 Terence


Innate Abilities, Weirdness & Mutations

Your natural rate of healing is accelerated.
You have razor-sharp teeth.
You have supernaturally acute eyesight. (SInv)
You are afflicted with vampirism and can become a bat while bloodless.


Message History

Poisonous vapours surround Terence!
Terence looks even sicker.
* * * LOW MAGIC WARNING * * *
You hit Terence but do no damage.
Terence is lightly wounded.
Terence hits you with a +0 flail!
You barely miss Terence.
Terence is lightly wounded.
Terence hits you with a +0 flail.
You hit Terence.
Terence is lightly wounded.
Terence says, "How do you enjoy it?" You block Terence's attack.
You closely miss Terence.
Terence is lightly wounded.
Terence barely misses you.
You closely miss Terence.
Terence is moderately wounded.
Terence barely misses you.
You barely miss Terence.
Terence is moderately wounded.
Terence hits you with a +0 flail!
* * * LOW HITPOINT WARNING * * *
You block Terence's attack.
You barely miss Terence. You bite Terence.
Terence is moderately wounded.
Terence hits you with a +0 flail.
* * * LOW HITPOINT WARNING * * *
You barely miss Terence.
Terence is heavily wounded.
Terence hits you with a +0 flail.
* * * LOW HITPOINT WARNING * * *
It was a potion of berserk rage.
A red film seems to cover your vision as you go berserk!
You feel yourself moving faster!
You feel mighty! You block Terence's attack.
You barely miss Terence. You bite Terence.
Terence is severely wounded.
You hit Terence but do no damage.
Terence is severely wounded.
Terence looks more healthy.
Terence hits you with a +0 flail!
You die...

......# #.# ......# #.#
......# #+ #.# ......#
#.########'## #######
#.##........#
#.#.........#
#####.#.........######
........@.......>...>#
#.#@#####..#####.#
###................# ####
#.......#########..# ...#
#.......+..........# ...#
#.......########...# ...#
#.......# #...# ...#
#.......# #...# ...#
#...##..# ##...### ...#
####...##..#.#####......#


You could see Terence.

Vanquished Creatures
  Robin (D:2)
  An adder (D:2)
  2 worms (D:2)
  2 dart slugs (D:2)
  6 ball pythons
  2 bats (D:1)
  An endoplasm (D:2)
  2 giant cockroaches
  12 goblins
  7 hobgoblins
  3 jackals (D:2)
  2 kobolds (D:1)
  2 quokkas
  3 frilled lizards (D:1)
  7 rats
53 creatures vanquished.

Notes
Turn   | Place    | Note
-------+----------+-------------------------------------------
     0 | D:1      | Devinter the Vampire Wanderer began the quest for the Orb.
     0 | D:1      | Devinter set off with the following items: a +2 dagger, 2
                  | curare-tipped darts, a +0 buckler, a scroll of silence, a
                  | +0 robe; and the following spells available to memorise:
                  | Poisonous Vapours, Cigotuvi's Dreadful Rot.
     0 | D:1      | Reached XP level 1. HP: 13/13 MP: 2/2
   117 | D:1      | Reached skill level 1 in Stealth
   131 | D:1      | Reached XP level 2. HP: 17/19 MP: 3/3
   185 | D:1      | Learned a level 2 spell: Poisonous Vapours
   484 | D:1      | Reached skill level 2 in Stealth
   686 | D:2      | Noticed Terence
   766 | D:2      | Gained mutation: You are afflicted with vampirism and can
                  | become a bat while bloodless. [Vampire growth]
   766 | D:2      | Reached XP level 3. HP: 23/24 MP: 4/4
  1029 | D:2      | Reached skill level 4 in Shields
  1039 | D:2      | Reached skill level 1 in Air Magic
  1076 | D:2      | Reached skill level 3 in Stealth
  1230 | D:2      | Reached XP level 4. HP: 30/30 MP: 5/5
  1236 | D:2      | Reached skill level 3 in Throwing
  1256 | D:2      | Noticed Robin
  1273 | D:2      | Killed Robin
  1387 | D:2      | HP: 3/30 [Terence/+0 flail (5)]
  1390 | D:2      | Slain by Terence

Illustrated notes

Levels and vault maps discovered:
D:1:      ebering_trefoil_twist, layout_loops_ring
D:2:      layout_basic, uniq_terence, uniq_robin

Skill      XL: |  1  2  3  4 |
---------------+-------------+-----
Stealth        | 1 2 3 |  3.2
Shields        | 4 |  4.1
Air Magic      | 1 |  1.0
Throwing       | 3 |  3.0
Spellcasting   | |  1.0
Conjurations   | |  0.6
Poison Magic   | |  1.0
Evocations     | |  1.0

Action                   |  1- 3 |  4- 6 || total
-------------------------+-------+-------++-------
Melee: Dagger            |   141 |    32 ||   173
       Bite              |    11 |     3 ||    14
 Cast: Poisonous Vapours |     3 |     4 ||     7
  Use: Potion            |       |     1 ||     1
 Stab: Sleeping          |     6 |       ||     6
Armor: Robe              |    15 |     2 ||    17
Dodge: Dodged            |    46 |    10 ||    56
Block: Buckler           |    23 |     9 ||    32

Table legend: (Time is in decaauts)
 A = Elapsed time spent in this place.
 B = Non-inter-level travel time spent in this place.
 C = Inter-level travel time spent in this place.
 D = Time resting spent in this place.
 E = Time spent auto-exploring this place.
 F = Levels seen in this place.
 G = Mean time per level.
                   A        B        C        D        E       F      G
               +--------+--------+--------+--------+--------+-----+--------+
         Total |   1398 |   1379 |     19 |    112 |    393 |   2 |  699.0 |
       Dungeon |   1398 |   1379 |     19 |    112 |    393 |   2 |  699.0 |
               +--------+--------+--------+--------+--------+-----+--------+

Top non-repeatable levels by time:
     D:2: 786 daAuts
     D:1: 612 daAuts
